 Dungeon Crawl Stone Soup version 0.21-a0-529-g8c7b3f5 (webtiles) character file.

792 Gorglomux the Archer (level 7, -2/45 HPs)
             Began as an Octopode Hunter on Dec 9, 2017.
             Blown up by an orc (10 damage)
             ... with a wand of disintegration (13)
             ... on level 4 of the Dungeon.
             The game lasted 00:07:17 (4415 turns).

Gorglomux the Archer (Octopode Hunter)              Turns: 4415, Time: 00:07:18

Health: -2/45      AC:  1    Str: 11    XL:     7   Next: 88%
Magic:  7/7        EV: 13    Int: 13    God:
Gold:   190        SH:  0    Dex: 15    Spells: 6/6 levels left

rFire    . . .     SeeInvis .   a - +1 shortbow
rCold    + . .     Gourm    .   (shield currently unavailable)
rNeg     + . .     Faith    .   (helmet restricted)
rPois    .         Spirit   .   (no amulet)
rElec    .         Reflect  .   c - ring of protection from cold
rCorr    .         Harm     .   x - ring of stealth
MR       .....                  Z - ring of positive energy
Stlth    ++++......             (no ring)
HPRegen  0.15/turn              (no ring)
MPRegen  0.10/turn              (no ring)
                                (no ring)
                                (no ring)

@: no status effects
A: almost no armour, stealthy swim, amphibious, 8 rings, constrict 8, camouflage
1, gelatinous body 1
a: no special abilities


You were on level 4 of the Dungeon.
You were not hungry.

You visited 1 branch of the dungeon, and saw 5 of its levels.

You collected 190 gold pieces.

Inventory:

Hand Weapons
 a - a +1 shortbow (weapon)
 b - a +0 short sword
Missiles
 G - 34 arrows (quivered)
Jewellery
 c - a ring of protection from cold (left tentacle)
 x - a ring of stealth (right tentacle)
 Z - a ring of positive energy (on tentacle)
Scrolls
 f - 4 scrolls of amnesia {unknown}
 B - a scroll of random uselessness {unknown}
 I - 2 scrolls of remove curse {unknown}
 R - 3 scrolls of identify
 T - 5 scrolls of teleportation
Potions
 A - a potion of haste
 E - a potion of berserk rage
 K - a potion of heal wounds
 V - a potion of curing {unknown}
 W - a potion of resistance {unknown}
 X - 2 potions of flight
 Y - 2 potions of mutation {unknown}
Comestibles
 d - 4 bread rations
 z - 2 meat rations
 H - a royal jelly
 U - 2 fruits


   Skills:
 - Level 2.0 Fighting
 + Level 9.4 Bows
 - Level 2.0 Dodging
 - Level 2.1 Stealth


You had 6 spell levels left.
You didn't know any spells.

Dungeon Overview and Level Annotations

Branches:
Dungeon (5/15)
 Temple: D:4-7

Altars:
Wu Jian

Annotations:
D:4 Dowan, Duvessa


Innate Abilities, Weirdness & Mutations

You cannot wear most types of armour.
You are very stealthy in the water. (Stealth+)
You are amphibious.
You can wear up to eight rings at the same time.
You can use your tentacles to constrict eight enemies at once.
Your skin changes colour to match your surroundings (Stealth+).
Your rubbery body absorbs attacks. (AC +1, EV +1)


Message History

Firing (i - inventory):
G - 36 arrows (quivered)
Press: ? - butt, Shift-Dir - straight line, f/p - phantom
Aim: a phantom (almost butt)
You shoot an arrow! The arrow misses the phantom!
The hound bites you!
The phantom blinks!!!
The hound closely misses you! The orc hits you with a flail!
The hound bites you! * * * don't die
* * * You climb upwards!
Level annotation: Dowan, Duvessa
There is a stone staircase leading down, spattered with blood here!
Unknown command!
Butt command!
Firing (i - inventory):
G - 35 arrows (quivered)
Press: ? - help, Shift-Dir - straight line, f - hound
Aim: a hound You shoot an arrow!
The arrow closely butts the hound!
The hound bites you! * * * don't die
* * * The orc zaps a wand!
You are blasted!!! rip

#.#
######.##.#.#
..# #......##
######
#.......#
.....#
#.##.##.#
#....#
#.##.##.#
##...#
#....##.#
.#...#
#..####.#
.#...#
#..####o#
.#####
#(....h@# .#
##.###### .#
#.# .### #.#
.#.########.#
.#..........#
#############
#


You could see a hound and an orc.

Vanquished Creatures
  Sigmund (D:4)
  A phantom (D:2)
  An ogre (D:4)
  2 orc wizards (D:3)
  An iguana (D:4)
  2 worker ants (D:4)
  Natasha (thrice) (D:4)
  8 gnolls
  8 adders
  An adder skeleton (D:4)
  4 worms
  3 dart slugs
  6 leopard geckos
  3 orcs
  2 ball pythons
  13 bats
  5 giant cockroaches
  9 goblins
  6 hobgoblins
  2 quokkas
  6 frilled lizards
  11 kobolds
  7 rats
105 creatures vanquished.

Notes
Turn   | Place    | Note
-------+----------+-------------------------------------------
     0 | D:1      | Gorglomux the Octopode Hunter began the quest for the Orb.
     0 | D:1      | Reached XP level 1. HP: 14/14 MP: 1/1
    88 | D:1      | Reached XP level 2. HP: 19/19 MP: 2/2
   342 | D:1      | Reached XP level 3. HP: 24/24 MP: 3/3
   599 | D:2      | Reached skill level 5 in Bows
   664 | D:2      | Reached XP level 4. HP: 12/29 MP: 4/4
  1082 | D:2      | Reached skill level 6 in Bows
  1082 | D:2      | Reached XP level 5. HP: 34/34 MP: 5/5
  1243 | D:2      | Noticed a phantom
  1290 | D:2      | Killed a phantom
  1405 | D:2      | Found an ornate altar of the Wu Jian Council.
  1582 | D:3      | Reached XP level 6. HP: 33/39 MP: 6/6
  1661 | D:3      | Reached skill level 7 in Bows
  2556 | D:4      | Noticed Duvessa
  2571 | D:4      | Noticed Dowan
  3027 | D:4      | Noticed Sigmund
  3087 | D:4      | Killed Sigmund
  3087 | D:4      | Reached skill level 8 in Bows
  3087 | D:4      | Reached XP level 7. HP: 20/45 MP: 7/7
  3510 | D:4      | Noticed Natasha
  3516 | D:4      | Killed Natasha
  3579 | D:4      | Noticed Natasha
  3586 | D:4      | Killed Natasha
  3601 | D:4      | Noticed Natasha
  3609 | D:4      | Killed Natasha
  3609 | D:4      | Reached skill level 9 in Bows
  4134 | D:5      | Entered Level 5 of the Dungeon
  4415 | D:4      | Blown up by an orc

Vault maps used:
D:1:      matt_arrival_debris
D:2:      lemuel_crystal_altar, minmay_tetromino_l2
D:3:      minmay_wonky_spiral
D:4:      kennysheep_big_flooded_room, first_bread, uniq_duvessa, uniq_sigmund,
          uniq_natasha
D:5:      kennysheep_little_box, basic_altar

Skill      XL: |  1  2  3  4  5  6  7 |
---------------+----------------------+-----
Stealth        | 2 |  2.1
Bows           | 5 6 8 9 |  9.4
Fighting       | |  2.0
Dodging        | |  2.0

Action                   |  1- 3 |  4- 6 |  7- 9 || total
-------------------------+-------+-------+-------++-------
Melee: Unarmed           |     7 |     6 |       ||    13
       Short sword       |     5 |    11 |     6 ||    22
       Tentacles         |     3 |     1 |     2 ||     6
       Constrict         |     2 |     1 |     2 ||     5
 Fire: Shortbow          |    68 |   211 |   100 ||   379
  Use: Potion            |     1 |     1 |       ||     2
       Scroll            |       |     1 |     3 ||     4
  Eat: Chunk             |       |     6 |     4 ||    10
Armor: Skin              |    18 |    29 |     3 ||    50
Dodge: Dodged            |    17 |    33 |    33 ||    83

Table legend:
 A = Spawn XP
 B = Non-spawn XP
 C = Spawn XP percentage of total XP
 D = Spawn monster count
 E = Non-spawn monster count
 F = Spawn count percentage of total count
 G = Total turns spent on level
                    A         B        C        D         E        F      G
               +---------+---------+-------+---------+---------+-------+---------
         Total |       0 |    1132 |   0.0 |       0 |     105 |   0.0 |  4415
               +---------+---------+-------+---------+---------+-------+---------
           D:1 |       0 |      34 |   0.0 |       0 |      20 |   0.0 |   435
           D:2 |       0 |     283 |   0.0 |       0 |      32 |   0.0 |  1130
           D:3 |       0 |     178 |   0.0 |       0 |      33 |   0.0 |  1151
           D:4 |       0 |     622 |   0.0 |       0 |      19 |   0.0 |  1662
           D:5 |       0 |      15 |   0.0 |       0 |       1 |   0.0 |    37
               +---------+---------+-------+---------+---------+-------+---------
